 Dungeon Crawl Stone Soup version 0.21-a0-513-gdcb3f5e (webtiles) character file.

119 slep the Chopper (level 5, -2/41 HPs)
             Began as a Barachi Gladiator on Dec 3, 2017.
             Slain by Sigmund
             ... wielding a +0 scythe
              (3 damage)
             ... on level 3 of the Dungeon.
             The game lasted 00:04:51 (1180 turns).

slep the Chopper (Barachi Gladiator)                Turns: 1180, Time: 00:04:52

Health: -2/41      AC:  5    Str: 15    XL:     5   Next: 3%
Magic:  5/5        EV: 13    Int:  9    God:
Gold:   72         SH:  0    Dex: 14    Spells: 4/4 levels left

rFire    . . .     SeeInvis .   a - +0 war axe
rCold    . . .     Gourm    .   (no shield)
rNeg     . . .     Faith    .   b - +0 leather armour
rPois    .         Spirit   .   c - +0 helmet
rElec    .         Reflect  .   (no cloak)
rCorr    .         Harm     .   (no gloves)
MR       .....                  m - +0 pair of boots
Stlth    +.........             (no amulet)
HPRegen  0.13/turn              (no ring)
MPRegen  0.09/turn              (no ring)

@: confused, slow
A: +LOS, swims, slowness 1, strong legs 1
a: Hop


You were on level 3 of the Dungeon.
You were not hungry.

You visited 1 branch of the dungeon, and saw 3 of its levels.

You collected 72 gold pieces.

Inventory:

Hand Weapons
 a - a +0 war axe (weapon)
Missiles
 d - 3 throwing nets (quivered)
Armour
 b - a +0 leather armour (worn)
 c - a +0 helmet (worn)
 m - a +0 pair of boots (worn)
Scrolls
 e - 2 scrolls of teleportation {unknown}
 i - 3 scrolls of enchant armour {unknown}
 j - 3 scrolls of identify {unknown}
 k - 2 scrolls of fog {unknown}
 l - a scroll of amnesia {unknown}
 q - 2 scrolls of remove curse {unknown}
 t - a scroll of fear {unknown}
Potions
 n - a potion of agility {unknown}
 o - 2 potions of mutation {unknown}
 r - a potion of flight {unknown}
Comestibles
 f - 2 bread rations
 g - a royal jelly
 h - a meat ration
 p - a chunk of flesh
 s - 4 fruits


   Skills:
 + Level 3.1 Fighting
 + Level 4.8 Axes
 + Level 2.1 Throwing
 + Level 1.6 Armour
 + Level 4.0 Dodging
 + Level 0.1 Stealth


You had 4 spell levels left.
You didn't know any spells.

Dungeon Overview and Level Annotations

Branches:
Dungeon (3/15)

Altars:

Annotations:
D:3 Sigmund


Innate Abilities, Weirdness & Mutations

Shadows flee at your approach. (+LOS)
You can swim through water.
You cover ground slowly.
You can hop short distances.


Message History

Sigmund barely misses you. Sigmund closely misses you.
You slash Sigmund!
Sigmund is heavily wounded.
You barely miss Sigmund.
Sigmund is heavily wounded.
Sigmund points at you and mumbles some strange words.
You are confused.
Sigmund hits you with a scythe.
You slash Sigmund!
Sigmund is severely wounded.
Sigmund casts a spell.
Sigmund flickers and vanishes!
Deactivating autopickup; reactivate with Ctrl-A.
Something hits you!
* * * LOW HITPOINT WARNING * * *
You're too confused to move!
Something hits you.
* * * LOW HITPOINT WARNING * * *
Something hits you.
You die...

#.#)# #...
##.#.####.....
#...†.....#
##.....#####
#...####
##...# ##
#....# ##....
####.#
####....#
###.####@.{.#
#........####
#......)##
#.......#
#.......#
#.......#
#.....(.#
#.......#
#########


There were no monsters in sight!

Vanquished Creatures
  Natasha (D:3)
  An adder (D:2)
  An ooze (D:1)
  A worm (D:2)
  3 dart slugs
  A leopard gecko (D:2)
  An orc (D:3)
  6 giant cockroaches
  5 goblins
  12 hobgoblins
  6 jackals
  4 ball pythons
  9 bats
  4 frilled lizards
  5 kobolds
  6 rats
66 creatures vanquished.

Notes
Turn   | Place    | Note
-------+----------+-------------------------------------------
     0 | D:1      | slep the Barachi Gladiator began the quest for the Orb.
     0 | D:1      | Reached XP level 1. HP: 17/17 MP: 1/1
   100 | D:1      | Reached XP level 2. HP: 20/23 MP: 2/2
   227 | D:1      | Reached XP level 3. HP: 27/28 MP: 3/3
   279 | D:1      | Reached skill level 1 in Armour
   788 | D:2      | Reached XP level 4. HP: 34/34 MP: 4/4
  1148 | D:3      | Noticed Natasha
  1154 | D:3      | Killed Natasha
  1154 | D:3      | Reached XP level 5. HP: 25/41 MP: 5/5
  1168 | D:3      | Noticed Sigmund
  1179 | D:3      | HP: 1/41 [something (3)]
  1180 | D:3      | Slain by Sigmund

Vault maps used:
D:1:      kennysheep_arrival_seaside, minmay_surrounded
D:2:      first_bread, minmay_split_cup_small
D:3:      uniq_sigmund, uniq_natasha, uniq_grinder

Skill      XL: |  1  2  3  4 |
---------------+-------------+-----
Axes           | 4 |  4.8
Armour         | 1 |  1.6
Fighting       | 3 |  3.1
Dodging        | 4 |  4.0
Throwing       | |  2.1
Stealth        | |  0.1

Action                   |  1- 3 |  4- 6 || total
-------------------------+-------+-------++-------
Melee: War axe           |    95 |    50 ||   145
 Stab: Sleeping          |       |     1 ||     1
  Eat: Chunk             |       |     2 ||     2
Armor: Leather armour    |    41 |    23 ||    64
Dodge: Dodged            |   110 |    54 ||   164

Table legend:
 A = Spawn XP
 B = Non-spawn XP
 C = Spawn XP percentage of total XP
 D = Spawn monster count
 E = Non-spawn monster count
 F = Spawn count percentage of total count
 G = Total turns spent on level
                    A         B        C        D         E        F      G
               +---------+---------+-------+---------+---------+-------+---------
         Total |       0 |     171 |   0.0 |       0 |      66 |   0.0 |  1180
               +---------+---------+-------+---------+---------+-------+---------
           D:1 |       0 |      59 |   0.0 |       0 |      31 |   0.0 |   659
           D:2 |       0 |      63 |   0.0 |       0 |      25 |   0.0 |   437
           D:3 |       0 |      49 |   0.0 |       0 |      10 |   0.0 |    84
               +---------+---------+-------+---------+---------+-------+---------
